 Dungeon Crawl Stone Soup version 0.30-a0-989-g0d87f670db (webtiles) character file.

Game seed: 11945697592087706703

423031 NinjaNoafa the Slayer (level 24, -2/206 HPs)
             Began as a Djinni Conjurer on Apr 2, 2023.
             Was a High Priest of Ashenzari.
             Killed from afar by an acid blob (15 damage)
             ... with a splash of acid
             ... on level 5 of the Pits of Slime on Apr 3, 2023.
             The game lasted 03:25:21 (39188 turns).

NinjaNoafa the Slayer (Djinni Conjurer)            Turns: 39188, Time: 03:25:21

Health: -2/206     AC:  7    Str:  4    XL:     24   Next: 90%
Gold:   3348       EV: 23    Int: 37    God:    Ashenzari [*****.] SH: 27 Dex: 15

rFire   + + .      SeeInvis +    a - +6 trident of Ashenzari's Mutualism {antimagic, +Blink Dex+2, Fort, Self} (curse)
rCold   + + .      Faith    .    W - +1 tower shield
rNeg    . . .      Spirit   .    K - +4 skin of Zhor {*Englaciate rC+++ SInv, Evo, Cun} (curse)
rPois   ∞          Reflect  .    D - +2 hat of Ashenzari's Seeker {Cun, Self} (curse)
rElec   .          Rampage  .    Q - +1 cloak "Oracular Dismay" {Self, Evo} (curse)
rCorr   .          Clarity  +    e - +2 pair of gloves of Ashenzari's Planets {Fort, Evo} (curse)
Will    +++..                    (boots unavailable)
Stlth   +++                      U - amulet of Vitality {RegenMP++ Regen++, Fort, Cun} (curse)
HPRegen 2.14/turn                g - ring of the Soothsayer {Will+, Fort, Evo} (curse)
MPRegen 0.00/turn                m - ring "Overhang to Understand" {Int+6, Self, Fort} (curse)

@: corroded, flying
A: sickness immunity, fire resistance 2, cold vulnerability 1, float, innate
caster, HP casting, extra vitality 1, large bone plates 1, screaming 1, weak 1
}: 2/15 runes: decaying, gossamer
a: Renounce Religion, Evoke Blink, Shatter the Chains


You were on level 5 of the Pits of Slime.
You worshipped Ashenzari.
Ashenzari was extremely pleased with you.
You visited 11 branches of the dungeon, and saw 47 of its levels.
You also visited: Sewer and Bailey.

You collected 5580 gold pieces.
You spent 2232 gold pieces at shops.

Inventory:

Hand Weapons
 a - the cursed +6 trident of Ashenzari's Mutualism (weapon) {antimagic, +Blink Dex+2, Fort, Self}
   (You found it on level 10 of the Dungeon)

   Dex:       It affects your dexterity (+2).
   +Blink:    It lets you blink.
   It has a curse which improves the following skills: Fortitude: Armour and
   Shields.
   Introspection: Fighting and Spellcasting.
Missiles
 b - 32 boomerangs
 u - 6 javelins
 A - 12 boomerangs of dispersal
 B - 9 silver javelins
 G - a throwing net
 O - 3 curare-tipped darts
Armour
 e - the cursed +2 pair of gloves of Ashenzari's Planets (worn) {Fort, Evo}
   (You found it on level 2 of the Dungeon)

   It has a curse which improves the following skills: Fortitude: Armour and
   Shields.
   Evocations: Evocations.
 D - the cursed +2 hat of Ashenzari's Seeker (worn) {Cun, Self}
   (You found it on level 1 of the Crypt)

   It has a curse which improves the following skills: Cunning: Dodging and
   Stealth.
   Introspection: Fighting and Spellcasting.
 K - the cursed +4 skin of Zhor (worn) {*Englaciate rC+++ SInv, Evo, Cun}
   (You found it on level 2 of the Spider Nest)

   *Englaciate: It radiates cold, occasionally slowing all nearby creatures who
   are not resistant to cold.
   rC:        It renders you almost immune to cold.
   SInv:      It lets you see invisible.
   It has a curse which improves the following skills: Evocations: Evocations.
   Cunning:   Dodging and Stealth.
 Q - the cursed +1 cloak "Oracular Dismay" (worn) {Self, Evo}
   (You found it on level 2 of the Swamp)

   It has a curse which improves the following skills: Introspection: Fighting
   and Spellcasting.
   Evocations: Evocations.
 W - a +1 tower shield (worn)
Jewellery
 g - the cursed ring of the Soothsayer (left hand) {Will+, Fort, Evo}
   (You found it on level 2 of the Dungeon)

   [ring of willpower]

   Will:      It increases your willpower.
   It has a curse which improves the following skills: Fortitude: Armour and
   Shields.
   Evocations: Evocations.
 m - the cursed ring "Overhang to Understand" (right hand) {Int+6, Self, Fort}
   (You found it on level 3 of the Dungeon)

   [ring of intelligence]

   Int:       It affects your intelligence (+6).
   It has a curse which improves the following skills: Introspection: Fighting
   and Spellcasting.
   Fortitude: Armour and Shields.
 U - the cursed amulet of Vitality (around neck) {RegenMP++ Regen++, Fort, Cun}
   (You bought it in a shop on level 2 of the Orcish Mines)

   [amulet of magic regeneration]

   It increases your rate of magic regeneration.
   Regen:     It increases your rate of health regeneration.
   It has a curse which improves the following skills: Fortitude: Armour and
   Shields.
   Cunning:   Dodging and Stealth.
Wands
 f - a wand of flame (31)
 w - a wand of paralysis (29)
 y - a wand of polymorph (27)
 C - a wand of mindburst (56)
 P - a wand of roots (21)
 T - a wand of digging (4)
 Z - a wand of acid (15)
Scrolls
 d - 2 scrolls of immolation
 h - 4 scrolls of blinking
 i - 14 scrolls of teleportation
 j - 9 scrolls of vulnerability
 n - 3 scrolls of summoning
 o - 9 scrolls of magic mapping
 p - 9 scrolls of fog
 r - 11 scrolls of fear
 N - 6 scrolls of poison
 R - a scroll of enchant weapon
 S - 2 scrolls of silence
 V - 2 scrolls of torment
 X - 3 scrolls of brand weapon
Potions
 c - 5 potions of attraction
 k - 4 potions of haste
 l - 3 potions of ambrosia
 q - 6 potions of resistance
 s - 9 potions of mutation
 t - 2 potions of cancellation
 v - 8 potions of lignification
 x - 7 potions of brilliance
 z - 23 potions of curing
 F - 7 potions of might
 H - 4 potions of invisibility
 J - 5 potions of berserk rage
 L - 8 potions of heal wounds
Miscellaneous
 E - a phial of floods
 M - a tin of tremorstones (2/2)
 Y - a box of beasts


   Skills:
 + Level 22.2(26.8) Fighting
 - Level 8.5 Polearms
 - Level 8.2(14.0) Armour
 - Level 18.5(22.4) Dodging
 - Level 1.5(4.2) Stealth
 + Level 16.0(21.7) Shields
 - Level 18.0(22.8) Spellcasting
 - Level 11.0(16.0) Evocations


You knew the following spells:

 Your Spells              Type           Power      Damage    Failure   Level
a - Borgnjor's Vile Clut  Necr/Erth      59%        N/A       0%          5
b - Death Channel         Necr           59%        N/A       0%          6
c - Eringya's Noxious Bo  Tmut/Pois      59%        N/A       0%          6
d - Starburst             Conj/Fire      59%        6d16      0%          6
e - Apportation           Tloc           100%       N/A       0%          1
f - Iskenderun's Mystic   Conj/Tloc      100%       2d19      0%          4
g - Wereblood             Tmut           100%       N/A       0%          2
h - Enfeeble              Hex            59%        N/A       1%          7
i - Searing Ray           Conj           100%       2d8       0%          2
j - Ice Form              Ice/Tmut       100%       N/A       0%          4
k - Magic Dart            Conj           100%       1d8       0%          1
l - Summon Ice Beast      Ice/Summ       100%       N/A       0%          4
m - Dazzling Flash        Conj/Hex       100%       N/A       0%          3
n - Fulminant Prism       Conj/Hex       59%        3d24      0%          4
o - Teleport Other        Tloc           100%       N/A       0%          3
p - Dragon Form           Tmut           59%        N/A       1%          7
Your spell library was empty.

Dungeon Overview and Level Annotations

Branches:
Dungeon (15/15)            Temple (1/1) D:7            Lair (5/5) D:9
  Swamp (4/4) Lair:3       Spider (4/4) Lair:3        Slime (5/5) Lair:4
    Orc (2/2) D:10            Elf (1/3) Orc:2        Vaults (5/5) D:14
  Crypt (1/3) Vaults:2     Depths (4/4) D:15            Zot (0/5) Depths:4
  Sewer (visited)          Bailey (visited)

Altars:
Ashenzari
Cheibriados
Dithmenos
Elyvilon
Fedhas
Gozag
Hepliaklqana
Makhleb
Nemelex Xobeh
Okawaru
Qazlal
Ru
Trog
Uskayaw
Wu Jian
Xom
Yredelemnul
Zin
The Shining One
Jiyva
Lugonu

Shops:
D:7 [   D:10 !((   Orc:1 =[   Orc:2 !:=!!

Portals:
Hell: Depths:1 Depths:2 Depths:3
Abyss: Depths:2 Depths:3
Pandemonium: Depths:2
Ziggurat: Depths:4

Annotations:
Elf:1 4 runed translucent doors
Depths:1 3 runed translucent doors


Innate Abilities, Weirdness & Mutations

You are immune to sickness and miasma.
You are immune to poison.
Your flesh is very heat resistant. (rF++)
You are vulnerable to cold. (rC-)
You float through the air rather than walking.
You learn spells naturally, not from books.
Your magical power is your life essence.
You have superior vitality. (+4 MHP)
You are partially covered in large bone plates. (SH +4)
You occasionally shout uncontrollably at your foes.
You are weak. (Str -2)


Message History

The acid corrodes you! You block the acid blob's attack.
You are too injured to fight recklessly!
Casting: Starburst (safe; 0% risk of failure)
Press: ? - help, Q - select action, (/) - cycle Dir - look around, f - activate The bolt of fire hits the acid blob!!
The acid blob is severely wounded.
The bolt of fire hits the shining eye!!!
You kill the shining eye!
The bolt of fire hits the slime creature!!!!
You kill the slime creature!
* * * LOW HITPOINT WARNING * * *
A slime creature comes into view.
The acid blob spits acid at you. You block the splash of acid.
You block the acid blob's attack.
Your base Shields skill increases to level 16!
The acid blob spits acid at you. The splash of acid hits you!!
* * * LOW HITPOINT WARNING * * *
The acid corrodes you! The acid blob spits acid at you.
The splash of acid hits you!
* * * LOW HITPOINT WARNING * * *
The acid corrodes you! The acid blob spits acid at you.
The splash of acid hits you!
* * * LOW HITPOINT WARNING * * *
The acid blob spits acid at you. The splash of acid misses you.
The acid blob spits acid at you. The splash of acid misses you.
There is a stone staircase leading up here.
The acid blob spits acid at you. The splash of acid hits you!!
* * * LOW HITPOINT WARNING * * *
The acid blob jiggles.
The acid blob spits acid at you. You block the splash of acid.
The acid blob spits acid at you. The splash of acid hits you!
You die...

** * * ,* *.##...., , ,
###..........,,
##............ ,
##............., ,
#..............,,
#........J....., ,
###...JJ........, ,, *
##...@.J......... , , *
#......J........., ,
...................,, ,
* ,...................
,, * .........J.........
, , *
,................... ,,
,
,.............^.....,,,,
* *,,
...............#### ,
.............##,**,, *


You could see 4 acid blobs and 2 slime creatures.

Vanquished Creatures
  3 juggernauts (Depths:2)
  Mara (Vaults:3)
  Frederick (Depths:4)
  3 golden dragons
  A bone dragon (Depths:4)
  Asterion (Spider:2)
  A lich (Depths:3)
  2 tentacled monstrosities (Depths:2)
  A walking crystal tome (Depths:2)
  A deep elf master archer (Depths:3)
  5 sphinxes
  A walking divine tome (Depths:2)
  11 acid blobs
  A storm dragon (Depths:3)
  The ghost of Varun the Bludgeoner, an adept AtWr of Ashenzari (Swamp:4)
  3 tengu reavers
  2 shadow dragons
  3 azure jellies
  4 rockslimes
  4 fire giants
  9 frost giants
  3 iron dragons
  5 ghost moths
  4 spectral caustic shrikes (Depths:4)
  Aizul (Swamp:3)
  10 vault wardens
  8 emperor scorpions (Spider:4)
  A draconian scorcher (Depths:4)
  An orc warlord (Vaults:1)
  6 quicksilver oozes
  3 ghouls (Crypt:1)
  A stone giant (Depths:2)
  17 ironbound preservers
  A war gargoyle (Vaults:1)
  8 ironbound thunderhulks
  3 vampire knights
  25 very ugly things
  2 yellow draconians (Depths:4)
  2 eleionomae
  2 purple draconians (Depths:4)
  2 black draconians (Depths:4)
  A red draconian (Depths:4)
  A lorocyproca (Depths:2)
  2 deep elf annihilators (Elf:1)
  A bunyip (Swamp:4)
  2 spark wasps (Depths:4)
  8 dire elephants
  2 white draconians (Depths:4)
  7 ettins
  An eidolon (Crypt:1)
  A merfolk javelineer (Depths:4)
  6 fire dragons
  11 great orbs of eyes
  Josephine (D:14)
  6 yaktaur captains
  2 crystal guardians (Vaults:4)
  A spectral fenstrider witch (Swamp:4)
  A spriggan zombie (Crypt:1)
  A great orb of eyes (shapeshifter) (Depths:2)
  2 rakshasas
  An ogre mage (D:15)
  8 ice dragons
  Fannar (D:12)
  20 hydras
  An entropy weaver (Vaults:4)
  A peacekeeper (Vaults:4)
  30 vault guards
  A catoblepas (Lair:5)
  A spriggan air mage (Depths:2)
  12 centaur warriors
  A jorogumo (Spider:4)
  9 ironbound frosthearts
  3 boulder beetles
  A death knight (D:12)
  6 two-headed ogres
  4 death yaks
  A radroach (Spider:3)
  5 alligators
  5 deep troll earth magi
  4 spriggan berserkers (Depths:2)
  7 deep troll shamans
  7 tengu warriors
  5 orc high priests (Orc:2)
  Nergalle (D:11)
  A soul eater (Vaults:2)
  2 skysharks
  13 hell knights
  A shadow wraith (Vaults:2)
  5 pharaoh ants
  5 iron trolls
  12 skeletal warriors
  3 goliath frogs
  2 spriggan druids
  A flayed ghost (Depths:2)
  2 glowing orange brains (Vaults:3)
  39 deep trolls
  5 swamp dragons
  2 orb spiders (Spider:4)
  8 bog bodies
  8 wizards
  5 phantasmal warriors
  2 fenstrider witch simulacra (Swamp:4)
  22 ironbound convokers
  6 necromancers
  7 lindwurms
  5 wolf spider zombies (Spider:2)
  2 orc sorcerers
  Pikel (D:5)
  9 orc knights
  2 deep elf pyromancers
  A frost giant zombie (Vaults:1)
  6 will-o-the-wisps
  7 steelbarb worms
  3 spectral spriggans (Swamp:4)
  21 wolf spiders
  15 harpies
  7 cyclopes
  27 ugly things
  12 shining eyes
  2 salamanders (Depths:3)
  2 manticores (D:15)
  A moth of wrath (Spider:4)
  9 vault sentinels
  8 elephants
  A rust devil (Depths:2)
  A fire giant skeleton (Vaults:1)
  13 torpor snails
  10 demonic crawlers
  6 black mambas
  16 cane toads
  2 gargoyles (D:11)
  2 eyes of devastation
  2 kobold demonologists
  2 rime drakes
  An unseen horror (D:10)
  An efreet (D:13)
  3 ice devils (D:12)
  7 redback zombies (Spider:2)
  6 komodo dragons
  26 yaktaurs
  A red devil (Depths:2)
  3 tengu conjurers
  A guardian mummy (Crypt:1)
  8 trolls
  3 meliai (D:14)
  21 tarantellas
  2 bloated husks
  2 polar bears
  2 spectral death drakes (Swamp:4)
  Prince Ribbit (D:7)
  6 tyrant leeches
  11 hornets
  A fire dragon zombie (Crypt:1)
  9 dream sheep
  6 tarantella zombies (Spider:2)
  A jumping spider (shapeshifter) (Vaults:3)
  An ettin skeleton (Vaults:1)
  9 blink frogs
  6 culicivora zombies (Spider:2)
  25 jumping spiders
  151 slime creatures
  2 shadows
  A ynoxinul (Depths:2)
  6 spriggans
  17 culicivoras
  7 wraiths
  A vampire (D:10)
  22 yaks
  Eustachio (D:4)
  2 water elementals
  3 wyverns
  2 fire bats (Depths:3)
  4 steam dragons
  6 golden eyes (Slime:4)
  56 redbacks
  A yaktaur simulacrum (Vaults:1)
  2 basilisks
  17 vampire mosquitoes
  A neqoxec (Depths:2)
  2 wargs (Orc:1)
  Menkaure (D:7)
  A harpy simulacrum (D:15)
  17 swamp worms
  6 acid dragons
  A naga skeleton (Crypt:1)
  27 water moccasins
  Pargi (Sewer)
  A floating eye (Depths:2)
  42 orc warriors
  5 swamp drakes (Swamp:4)
  3 ice beasts
  A sky beast (D:7)
  4 black bears
  12 ogres
  2 spriggan simulacra (Swamp:4)
  5 boggarts (Vaults:3)
  33 wolves
  16 centaurs
  3 lemures (D:5)
  3 kobold brigands
  12 bullfrogs
  2 gnoll sergeants
  2 scorpions (D:5)
  Blork the orc (D:6)
  A necrophage (Crypt:1)
  3 wights (D:6)
  8 killer bees
  9 electric eels
  3 human zombies (Crypt:1)
  32 orc priests
  5 jellies
  2 gnoll boudas
  7 hounds
  A sleepcap (D:6)
  2 human skeletons (Crypt:1)
  9 iguanas
  Natasha (thrice) (D:3)
  18 orc wizards
  4 mummies (Crypt:1)
  11 gnolls
  14 adders
  A river rat (D:3)
  2 shadow imps
  A white imp (D:6)
  5 ufetubi (D:12)
  6 worms
  7 dart slugs
  82 orcs
  12 endoplasms
  6 giant cockroaches
  13 goblins
  15 hobgoblins
  6 jackals
  22 kobolds
  2 quokkas
  12 ball pythons
  A bat (D:2)
  3 frilled lizards
  4 rats
  A spectral orc (D:7)
1703 creatures vanquished.

Vanquished Creatures (collateral kills)
  Arachne (Spider:2)
  A sphinx (Depths:2)
  A ghost moth (Spider:2)
  An emperor scorpion (Spider:3)
  A vault warden (Vaults:5)
  A spriggan defender (Depths:2)
  An eleionoma (Swamp:4)
  A dire elephant (D:15)
  A bunyip (Swamp:3)
  2 entropy weavers (Spider:3)
  4 vault guards (Vaults:5)
  An ice dragon (Lair:5)
  2 hydras
  2 radroaches
  3 alligators
  A spriggan berserker (Swamp:2)
  3 hell knights (Depths:4)
  An orc high priest (Orc:2)
  A spriggan (Swamp:2)
  A skyshark (Lair:5)
  3 bog bodies
  A steelbarb worm (Spider:3)
  3 orb spiders (Spider:2)
  4 swamp dragons
  2 orc knights
  A deep elf pyromancer (D:12)
  An orc sorcerer (Orc:2)
  A will-o-the-wisp (Swamp:4)
  A wolf spider (Spider:3)
  2 ugly things
  A moth of wrath (Spider:3)
  A cyclops (D:12)
  An ice statue (D:12)
  2 demonic crawlers
  3 torpor snails
  3 rime drakes (Lair:5)
  A cane toad (Lair:5)
  An ice devil (D:12)
  A bloated husk (Swamp:4)
  4 hornets
  A polar bear (Lair:5)
  5 tyrant leeches
  3 tarantellas
  9 jumping spiders
  3 culicivoras
  5 slime creatures
  3 wraiths
  A basilisk (D:12)
  3 yaks
  5 vampire mosquitoes
  8 redbacks
  A swamp worm (Swamp:2)
  7 orc warriors
  3 swamp drakes
  2 ogres (D:15)
  A wolf (Lair:5)
  3 orc priests (Orc:2)
  3 orc wizards
  4 gnolls (D:5)
  2 ufetubi (D:12)
  11 orcs
150 creatures vanquished.

Vanquished Creatures (others)
  2 spriggans (Swamp:2)
  An ufetubus (D:12)
  An orc (D:7)
  51 foxfires
  33 fulminant prisms
  28 fungi
  55 plants
171 creatures vanquished.

Grand Total: 2024 creatures vanquished

Notes
Turn   | Place    | Note
-------+----------+-------------------------------------------
     0 | D:1      | NinjaNoafa the Djinni Conjurer began the quest for the Orb.
     0 | D:1      | NinjaNoafa set off with the following spells memorised:
                  | Magic Dart, Searing Ray, Dazzling Flash, Fulminant Prism,
                  | Iskenderun's Mystic Blast.
     0 | D:1      | Reached XP level 1. HP: 15/15 MP: 0/0
   131 | D:1      | Reached XP level 2. HP: 20/22 MP: 0/0
   217 | D:1      | Found a faded altar of an unknown god.
   345 | D:1      | Reached skill level 1 in Fighting
   578 | D:1      | Reached XP level 3. HP: 9/27 MP: 0/0
   578 | D:1      | Learned a level 1 spell: Apportation
   761 | D:2      | Reached XP level 4. HP: 12/33 MP: 0/0
   860 | D:2      | Reached skill level 2 in Fighting
  1161 | D:2      | HP: 1/33 [adder (1)]
  1176 | D:2      | Reached XP level 5. HP: 17/38 MP: 0/0
  1176 | D:2      | Learned a level 2 spell: Wereblood
  1325 | D:3      | Noticed Natasha
  1332 | D:3      | Killed Natasha
  1337 | D:3      | Noticed Natasha
  1341 | D:3      | Killed Natasha
  1420 | D:3      | Noticed Natasha
  1423 | D:3      | Noticed a bullfrog
  1435 | D:3      | Killed a bullfrog
  1436 | D:3      | Reached skill level 3 in Fighting
  1436 | D:3      | Reached XP level 6. HP: 17/46 MP: 0/0
  1436 | D:3      | Killed Natasha
  1438 | D:3      | Reached skill level 5 in Spellcasting
  1673 | D:3      | Found a glowing drain.
  1693 | Sewer    | Entered a sewer
  1728 | Sewer    | Noticed Pargi
  1738 | Sewer    | Killed Pargi
  1739 | Sewer    | Reached XP level 7. HP: 44/50 MP: 0/0
  1739 | Sewer    | Learned a level 3 spell: Teleport Other
  2066 | D:3      | Found a glowing golden altar of the Shining One.
  2252 | D:3      | Identified the +5 short sword of Nountat {venom, rF+}
  2453 | D:4      | Noticed Eustachio
  2465 | D:4      | Killed Eustachio
  2466 | D:4      | Reached skill level 4 in Fighting
  2573 | D:4      | Found an opulent altar of Gozag.
  2582 | D:4      | Reached XP level 8. HP: 34/58 MP: 0/0
  2877 | D:5      | Entered Level 5 of the Dungeon
  2912 | D:5      | Identified the +0 buckler of Recklessness {Fly Int+4}
  2982 | D:5      | Noticed Pikel
  2991 | D:5      | Killed Pikel
  2992 | D:5      | Reached skill level 5 in Fighting
  3023 | D:5      | Reached XP level 9. HP: 62/66 MP: 0/0
  3023 | D:5      | Learned a level 4 spell: Summon Ice Beast
  3053 | D:5      | Reached skill level 6 in Fighting
  3384 | D:5      | Found a sparkling altar of Nemelex Xobeh.
  3491 | D:5      | Identified the +2 robe of Opac {+Blink rN+ Str+6}
  3728 | D:6      | Noticed Blork the orc
  3743 | D:6      | Killed Blork the orc
  3817 | D:6      | Reached skill level 7 in Fighting
  3853 | D:6      | Found an iron altar of Okawaru.
  3939 | D:6      | Found a blossoming altar of Fedhas.
  4882 | D:7      | Reached XP level 10. HP: 66/76 MP: 0/0
  4890 | D:7      | Reached skill level 8 in Fighting
  4892 | D:7      | Noticed Menkaure
  4896 | D:7      | Noticed Prince Ribbit
  5017 | D:7      | Found a basalt altar of Yredelemnul.
  5034 | D:7      | Found a staircase to the Ecumenical Temple.
  5055 | Temple   | Entered the Ecumenical Temple
  5195 | Temple   | Became a worshipper of Ashenzari the Shackled
  5239 | D:7      | Found Eptoh's Antique Armour Boutique.
  5359 | D:7      | Killed Menkaure
  5372 | D:7      | Killed Prince Ribbit
  5453 | D:7      | Found a shadowy altar of Dithmenos.
  5643 | D:8      | Found a flagged portal.
  5656 | Bailey   | Entered a bailey
  5686 | Bailey   | Noticed an orc knight
  5686 | Bailey   | Noticed an orc knight
  5722 | Bailey   | Killed an orc knight
  5723 | Bailey   | Reached skill level 9 in Fighting
  5729 | Bailey   | Killed an orc knight
  5802 | Bailey   | Noticed an orc knight
  5811 | Bailey   | Noticed a kobold demonologist
  5826 | Bailey   | Killed an orc knight
  5842 | Bailey   | Reached skill level 10 in Fighting
  5870 | Bailey   | Reached XP level 11. HP: 85/85 MP: 0/0
  5870 | Bailey   | Learned a level 4 spell: Ice Form
  5881 | Bailey   | Reached skill level 10 in Spellcasting
  5892 | Bailey   | Noticed an orc sorcerer
  5898 | Bailey   | Killed an orc sorcerer
  5971 | Bailey   | Found an iron altar of Okawaru.
  5991 | Bailey   | Noticed a sun demon
  5994 | Bailey   | Reached skill level 5 in Dodging
  5996 | Bailey   | Identified the cursed +2 pair of gloves of Ashenzari's
                  | Planets {Fort, Evo} (You found it on level 2 of the
                  | Dungeon)
  6058 | Bailey   | Reached skill level 1 in Shields
  6399 | D:5      | Acquired 1098 gold pieces
  6626 | D:8      | Noticed a green ugly thing
  6628 | D:8      | Noticed a cyclops
  6630 | D:8      | Noticed a cyan ugly thing
  6632 | D:8      | Killed a green ugly thing
  6632 | D:8      | Killed a cyclops
  6639 | D:8      | Killed a cyan ugly thing
  6640 | D:8      | Reached skill level 1 in Evocations
  6672 | D:8      | Reached * piety under Ashenzari
  7294 | D:9      | You are sucked into a shaft and drop 1 floor!
  7294 | D:10     | Entered Level 10 of the Dungeon
  7331 | D:10     | Reached ** piety under Ashenzari
  7392 | D:10     | Found a staircase to the Orcish Mines.
  7453 | D:9      | Noticed a two-headed ogre
  7461 | D:9      | Killed a two-headed ogre
  7507 | D:9      | Found a white marble altar of Elyvilon.
  7515 | D:9      | Noticed a cyclops
  7517 | D:9      | Found a transporter.
  7547 | D:9      | Found a staircase to the Lair.
  7548 | D:9      | Found a transporter.
  7551 | D:9      | Reached skill level 11 in Fighting
  7866 | D:9      | Reached XP level 12. HP: 91/94 MP: 0/0
  8277 | D:10     | Found a hide-covered altar of Uskayaw.
  8318 | D:10     | Found Osaask's Antique Weapon Boutique.
  8521 | D:10     | Reached skill level 12 in Fighting
  8569 | D:10     | Found Pezem's Distillery.
  8577 | D:10     | Bought a potion of ambrosia for 104 gold pieces
  8577 | D:10     | Bought a potion of mutation for 104 gold pieces
  8577 | D:10     | Bought 2 potions of curing for 78 gold pieces
  8577 | D:10     | Bought a potion of curing for 39 gold pieces
  8577 | D:10     | Bought a potion of brilliance for 52 gold pieces
  8667 | D:10     | Reached skill level 1 in Armour
  8721 | D:10     | Identified the cursed +0 helmet of the Visionary Paranoia
                  | {Fort, Melee} (You found it on level 6 of the Dungeon)
  8963 | D:10     | Reached skill level 13 in Fighting
  9002 | D:10     | Reached *** piety under Ashenzari
  9020 | D:10     | Found Guulocor's Antique Weapon Emporium.
  9143 | D:10     | Noticed a brown very ugly thing
  9152 | D:10     | Killed a brown very ugly thing
  9204 | D:10     | Identified the +6 trident of Humaonlu {antimagic, +Blink
                  | Dex+2}
  9397 | D:11     | Noticed Nergalle
  9411 | D:11     | Identified the ring "Ybecal" {Ice rElec}
  9417 | D:11     | Killed Nergalle
  9959 | D:11     | Reached XP level 13. HP: 93/109 MP: 0/0
  9959 | D:11     | Learned a level 5 spell: Borgnjor's Vile Clutch
 10412 | Lair:1   | Entered Level 1 of the Lair of Beasts
 11015 | Lair:2   | Noticed a four-headed hydra
 11029 | Lair:2   | Killed a four-headed hydra
 11390 | Lair:2   | Found the +8 whip "Snakebite" {venom, curare, rPois}
 11544 | Lair:2   | Reached skill level 5 in Evocations
 11641 | Lair:2   | Reached skill level 5 in Shields
 11754 | Lair:3   | Reached skill level 5 in Armour
 11754 | Lair:3   | Reached XP level 14. HP: 101/116 MP: 0/0
 12037 | Lair:3   | Found a hole to the Spider Nest.
 12318 | Lair:3   | Found a staircase to the Swamp.
 12526 | Lair:4   | Found a hide-covered altar of Uskayaw.
 12636 | Lair:4   | Found a viscous altar of Jiyva.
 12641 | Lair:4   | Found a staircase to the Slime Pits.
 12994 | Lair:4   | Reached **** piety under Ashenzari
 13633 | Lair:5   | Entered Level 5 of the Lair of Beasts
 13641 | Lair:5   | Reached skill level 1 in Polearms
 13682 | Lair:5   | Reached XP level 15. HP: 100/124 MP: 0/0
 13682 | Lair:5   | Learned a level 6 spell: Death Channel
 13796 | Lair:5   | Reached skill level 5 in Polearms
 13981 | Lair:5   | Found a runed translucent door.
 15085 | Orc:1    | Entered Level 1 of the Orcish Mines
 15187 | Orc:1    | Found Urroepn's Antique Armour Shop.
 15424 | Orc:2    | Entered Level 2 of the Orcish Mines
 15457 | Orc:2    | Found Kiroasmuu's Distillery.
 15699 | Orc:2    | Reached skill level 14 in Fighting
 16272 | Orc:2    | Found Zedy's Distillery.
 16273 | Orc:2    | Found Ximok's Book Emporium.
 16273 | Orc:2    | Found Femogava's Jewellery Shoppe.
 16274 | Orc:2    | Found Ehakh's Distillery.
 16283 | Orc:2    | Bought the amulet of Vitality {RegenMP++ Regen++} for 1400
                  | gold pieces
 16283 | Orc:2    | Found the amulet of Vitality {RegenMP++ Regen++}
 16414 | Orc:2    | Bought a potion of cancellation for 104 gold pieces
 16414 | Orc:2    | Bought a potion of curing for 39 gold pieces
 16414 | Orc:2    | Bought a potion of ambrosia for 104 gold pieces
 16414 | Orc:2    | Bought a potion of mutation for 104 gold pieces
 16414 | Orc:2    | Bought a potion of invisibility for 104 gold pieces
 16488 | Orc:2    | Found a staircase to the Elven Halls.
 16510 | Orc:1    | Reached XP level 16. HP: 113/129 MP: 0/0
 16583 | Orc:1    | Found Xeawemae's Jewellery Shoppe.
 16875 | D:12     | Noticed Fannar
 16883 | D:12     | Killed Fannar
 17387 | D:13     | Reached skill level 15 in Fighting
 18089 | D:14     | Noticed Josephine
 18096 | D:14     | Killed Josephine
 18409 | D:14     | Found a gate to the Vaults.
 18954 | D:15     | Entered Level 15 of the Dungeon
 19199 | D:15     | Found a broken altar of Ashenzari.
 19209 | D:15     | Reached skill level 16 in Fighting
 19265 | D:15     | Found a staircase to the Depths.
 19465 | Depths:1 | Entered Level 1 of the Depths
 19475 | Depths:1 | Reached XP level 17. HP: 65/141 MP: 0/0
 19475 | Depths:1 | Learned a level 6 spell: Eringya's Noxious Bog
 19784 | Swamp:1  | Entered Level 1 of the Swamp
 20222 | Swamp:1  | Reached ***** piety under Ashenzari
 20869 | Swamp:2  | Reached skill level 10 in Dodging
 21337 | Swamp:3  | Noticed Aizul
 21349 | Swamp:3  | Killed Aizul
 21619 | Spider:1 | Entered Level 1 of the Spider Nest
 22223 | Spider:2 | Noticed Asterion
 22232 | Spider:2 | Killed Asterion
 22516 | Spider:2 | Noticed Arachne
 22529 | Spider:2 | Killed Arachne
 22530 | Spider:2 | Reached XP level 18. HP: 151/151 MP: 0/0
 23178 | Spider:3 | Identified the +5 lajatang "With Two Names" {elec, rN+
                  | Str+4}
 23229 | Spider:3 | Reached skill level 17 in Fighting
 23597 | Spider:2 | Found the +4 skin of Zhor {*Englaciate rC+++ SInv}
 23917 | Swamp:4  | Entered Level 4 of the Swamp
 23967 | Swamp:4  | Identified Jejeeguy's Thoughts on the Rocks
 24241 | Swamp:4  | Reached skill level 18 in Fighting
 24315 | Swamp:4  | Reached XP level 19. HP: 127/160 MP: 0/0
 24315 | Swamp:4  | Learned a level 6 spell: Starburst
 24432 | Swamp:4  | Got a decaying rune of Zot
 24445 | Swamp:4  | Found a runed translucent gate.
 24445 | Swamp:4  | Found a runed translucent gate.
 24446 | Swamp:4  | Found a runed translucent gate.
 24453 | Swamp:4  | Identified the ring of Leahevuf {rN+ Will++}
 24768 | Swamp:4  | Noticed Varun's ghost (adept AtWr)
 24812 | Swamp:4  | Killed Varun's ghost
 25019 | Spider:4 | Entered Level 4 of the Spider Nest
 25146 | Spider:4 | Reached skill level 15 in Spellcasting
 25152 | Spider:4 | Reached skill level 19 in Fighting
 25542 | Spider:4 | Got a gossamer rune of Zot
 25951 | Elf:1    | Entered Level 1 of the Elven Halls
 25951 | Elf:1    | Found the +5 Lochaber axe {reach-cleave, Poleaxe Drain}
 25951 | Elf:1    | Found a runed translucent gate.
 25951 | Elf:1    | Found a runed translucent gate.
 25951 | Elf:1    | Found a runed translucent gate.
 25951 | Elf:1    | Found a runed translucent gate.
 25951 | Elf:1    | Found a runed translucent gate.
 25951 | Elf:1    | Found a runed translucent gate.
 25952 | Elf:1    | Found a runed translucent door.
 26201 | Vaults:1 | Entered Level 1 of the Vaults
 26828 | Vaults:1 | Reached XP level 20. HP: 105/167 MP: 0/0
 27516 | Vaults:1 | Reached skill level 20 in Fighting
 27745 | Vaults:1 | Identified the amulet "Venuwk" {Spirit +Inv rC+++ Str-2
                  | Int+3}
 28603 | Vaults:2 | Reached XP level 21. HP: 146/176 MP: 0/0
 28603 | Vaults:2 | Learned a level 7 spell: Dragon Form
 28807 | Vaults:2 | Found a staircase to the Crypt.
 29157 | Vaults:3 | Noticed Mara
 29162 | Vaults:3 | Noticed NinjaNoafa's illusion
 29168 | Vaults:3 | Killed Mara
 29264 | Vaults:3 | Reached skill level 10 in Shields
 29475 | Vaults:3 | Reached skill level 15 in Dodging
 29643 | Vaults:3 | Identified the cursed +1 cloak "Oracular Dismay" {Self,
                  | Evo} (You found it on level 2 of the Swamp)
 29659 | Vaults:3 | Reached skill level 10 in Evocations
 30364 | Vaults:4 | Reached skill level 21 in Fighting
 30367 | Vaults:4 | Reached XP level 22. HP: 171/187 MP: 0/0
 31034 | Vaults:5 | Entered Level 5 of the Vaults
 31036 | Vaults:5 | Noticed a golden dragon
 31476 | Depths:1 | Found a gateway to Hell.
 31655 | Depths:1 | Found a shadowy altar of Dithmenos.
 31741 | Depths:1 | Found a runed translucent gate.
 31741 | Depths:1 | Found a runed translucent gate.
 31742 | Depths:1 | Found a runed translucent gate.
 32282 | Crypt:1  | Entered Level 1 of the Crypt
 32737 | Depths:2 | Found a stormy altar of Qazlal.
 32950 | Depths:2 | Noticed a juggernaut
 32965 | Depths:2 | Killed a juggernaut
 32984 | Depths:2 | Found a one-way gate to the infinite horrors of the Abyss.
 33330 | Slime:1  | Entered Level 1 of the Pits of Slime
 33341 | Slime:1  | Reached XP level 23. HP: 156/195 MP: 0/0
 33341 | Slime:1  | Learned a level 7 spell: Enfeeble
 33794 | Depths:2 | Noticed a juggernaut
 33802 | Depths:2 | Killed a juggernaut
 33818 | Depths:2 | Noticed a golden dragon
 33827 | Depths:2 | Killed a golden dragon
 33878 | Depths:2 | Noticed a juggernaut
 33894 | Depths:2 | Killed a juggernaut
 33898 | Depths:2 | Paralysed by a floating eye for 4 turns
 33961 | Depths:2 | Identified the scarf of the Fortifying Gods {shadows, Str+2
                  | Dex+3}
 34401 | Depths:2 | Found a one-way gate leading to the halls of Pandemonium.
 34707 | Depths:3 | Noticed a golden dragon
 34922 | Depths:3 | Killed a golden dragon
 35359 | Depths:3 | Found a corrupted altar of Lugonu.
 35845 | Depths:4 | Entered Level 4 of the Depths
 35867 | Depths:4 | Identified the +9 dire flail "Ceadas" {heavy, rElec rC-
                  | Will+++ MP-9}
 35926 | Depths:4 | Noticed Frederick
 35933 | Depths:4 | Killed Frederick
 35943 | Depths:4 | Reached XP level 24. HP: 107/202 MP: 0/0
 36029 | Depths:4 | Found an ornate altar of the Wu Jian Council.
 36067 | Depths:4 | Found a one-way gateway to a ziggurat.
 36215 | Depths:4 | Noticed a golden dragon
 36225 | Depths:4 | Killed a golden dragon
 36477 | Depths:4 | Reached skill level 15 in Shields
 36496 | Depths:4 | Noticed a caustic shrike
 36510 | Depths:4 | Found a gate to the Realm of Zot.
 37020 | Slime:1  | Gained mutation: You are frail. (-10% HP) [a shining eye]
 37022 | Slime:1  | Gained mutation: You are strong-willed. (Will+) [a shining
                  | eye]
 37025 | Slime:1  | Gained mutation: You are dopey. (Int -2) [a shining eye]
 37027 | Slime:1  | Lost mutation: You are strong-willed. (Will+) [potion of
                  | mutation]
 37027 | Slime:1  | Lost mutation: You are frail. (-10% HP) [potion of
                  | mutation]
 37027 | Slime:1  | Lost mutation: You are dopey. (Int -2) [potion of mutation]
 37027 | Slime:1  | Gained mutation: You are weak. (Str -2) [potion of
                  | mutation]
 37027 | Slime:1  | Gained mutation: Your spells are a little easier to cast,
                  | but a little less powerful. [potion of mutation]
 37027 | Slime:1  | Lost mutation: Your spells are a little easier to cast, but
                  | a little less powerful. [potion of mutation]
 37027 | Slime:1  | Gained mutation: You are partially covered in large bone
                  | plates. (SH +4) [potion of mutation]
 37532 | Slime:2  | Gained mutation: You occasionally shout uncontrollably at
                  | your foes. [a shining eye]
 38124 | Slime:3  | Reached skill level 22 in Fighting
 39086 | Slime:5  | Entered Level 5 of the Pits of Slime
 39188 | Slime:5  | Killed from afar by an acid blob

Illustrated notes

Levels and vault maps discovered:
D:1:      nicolae_arrival_somewhat_less_tricky_arrival, layout_basic,
          hellmonk_ecumenical_altar_slurped_away, nicolae_figureground_sparkle
D:2:      layout_rooms, nicolae_wormholes
D:3:      layout_loops_ring, tso_oasis_becter, portal_sewer_entry_c,
          kennysheep_generic_room_15, uniq_natasha
D:4:      minmay_opposing_rooms, layout_rooms, nicolae_gozag_seed_capital,
          grunt_ministairs_6, uniq_eustachio
D:5:      layout_cave_pods, nemelex_spade_bored_becter, nicolae_grassy_gnolls,
          uniq_pikel
D:6:      layout_layer_cave, fedhas_altar_2, lemuel_round_altar,
          grunt_decor_mini_mirrors, uniq_blork_the_orc
D:7:      layout_loops_cross, mainiacjoe_overflow_small_starburst,
          yredelemnul_forgotten_temple_becter, minmay_temple_entry_trees,
          serial_shops, shop, uniq_menkaure, uniq_prince_ribbit1
D:8:      layout_loops_corners, tgw_sif, enter_bailey_6, minmay_radiant
D:9:      gammafunk_beogh_shrine, layout_basic,
          mainiacjoe_overflow_surrounded_room, erik_lair_island,
          minmay_statues_item
D:10:     cheibrodos_breeding_chamber, layout_long_grid,
          mainiacjoe_overflow_cross_hatched, hiddenorc2_lemuel, serial_shops,
          kennysheep_mini, nicolae_inconvenience_store, nicolae_shop_crystal,
          st_stairs_9
D:11:     layout_loops_corners, uniq_nergalle
D:12:     cheibrodos_frozen_isle, layout_basic, uniq_fannar
D:13:     layout_roguey
D:14:     layout_basic, david_vaults_5, grunt_decor_one_mirror, uniq_josephine
D:15:     hangedman_depths_entry_try_elsewhere_first, layout_rooms,
          old_standard_altar
Temple:   nicolae_temple_bog_church
Lair:1:   layout_big_grid, grunt_megastairs_4
Lair:2:   minmay_guarded_unrand_snakebite, layout_gridlike, beast_lair_carwin_11
Lair:3:   layout_cave_shapes, palyth_hydra_swamp_entry, dummy_spider_entry,
          lemuel_fruit_tree, grunt_megastairs_1
Lair:4:   layout_layer_cave, nicolae_slime_entry_slimehenge, basic_altar
Lair:5:   wormcave, layout_layer_cave, guppyfry_lair_end_dragon,
          grunt_megastairs_2
Swamp:1:  layout_falls_marsh, evilmike_swamp_ruin_house_5, swamp_pool1,
          nicolae_swamp_triple_paths
Swamp:2:  layout_basic_swamp, nicolae_swamp_small_spring
Swamp:3:  layout_falls_marsh, nicolae_swamp_dense_foliage, swamp_pool1,
          uniq_aizul
Swamp:4:  grunt_swamp_rune_castle, layout_basic_swamp,
          gammafunk_ghost_necromancy, swamp_pool3, nzn_swamp_dancing_lights
Spider:1: layout_spider_delve
Spider:2: lemuel_spider_zombies, uniq_arachne, uniq_asterion
Spider:3: layout_spider_delve
Spider:4: grunt_spider_rune_circles
Slime:1:  layout_caves, nicolae_slime_phagocytosis
Slime:2:  layout_caves
Slime:3:  layout_caves
Slime:4:  layout_caves, nicolae_slime_ancient_tower_intersection
Slime:5
Orc:1:    layout_caves, serial_shops, nicolae_shop_hallway_stairs,
          hellmonk_bongcloud_opening, minmay_shop_enchanted_jewellery,
          nicolae_orc_crystal_geode
Orc:2:    st_orc_pillars, layout_caves, serial_shops, shop, basic_altar,
          nicolae_orc_pool_cavern, abandoned_shop
Elf:1:    nicolae_elf_arrival_dilemma, layout_gridlike, gammafunk_ghost_arena,
          minivault_28
Vaults:1: hangedman_vaults_nails, vaults_room_guarded_vault,
          vaults_room_hallway, ontoclasm_vaults_loading_screen, v_rooms_5,
          dpeg_vaults_monster_box, ontoclasm_vaults_spin,
          hangedman_vaults_stretched_pinwheel, layout_vaults_omnigrid
Vaults:2: nicolae_vaults_circle_grid_b, nicolae_vaults_lopsided_apartments,
          v_misc_14, v_alt_pattern_4, hangedman_vaults_capsules,
          nicolae_vaults_windows_and_doors_thing,
          minmay_crypt_entry_simple_sparse, vaults_room_hallway,
          ontoclasm_vaults_eye, v_misc_27, nicolae_vaults_alarming, v_misc_32,
          ontoclasm_vaults_misaligned, nicolae_vaults_shelves_hall,
          layout_vaults_omnibox
Vaults:3: v_misc_28, hangedman_vaults_restitches, hangedman_vaults_river_flow,
          hangedman_vaults_nodes, vaults_mumra_chevron_long,
          grunt_vaults_hallway_short, nicolae_vaults_disjoint_gnomons,
          hangedman_vaults_stagger, st_lines, nicolae_vaults_little_squares_5,
          vaults_room_fancy_cross, grunt_vaults_diagonal, vaults_dpeg_ring,
          nicolae_vaults_specimen_jars, layout_vaults_maze_snakey, uniq_mara
Vaults:4: hangedman_vaults_stretched_pinwheel, v_rooms_1,
          hangedman_vaults_slither, v_pattern_5, v_misc_33, v_rooms_5,
          hangedman_vaults_restitches, nicolae_vaults_theta,
          ontoclasm_vaults_ligature, hangedman_vaults_stretched_pinwheel,
          vaults_room_pool, layout_vaults_big_cross
Vaults:5
Crypt:1:  layout_gridlike, grunt_crypt_arrival_guarded_gate,
          lemuel_upstairs_altar
Depths:1: layout_roguey, grunt_metal_band,
          ploomutoo_gammafunk_ghost_potion_laboratory,
          grunt_dithmenos_smoke_and_mirrors
Depths:2: minmay_central_circle, layout_gridlike, abyss_entry,
          rand_demon_pan_entry_3, grunt_hell_entry_dis_old,
          nicolae_qazlal_general_emergency, uniq_josephina
Depths:3: nicolae_whirlpool, layout_basic, hell_entry, abyss_entry_flame_altar,
          patterned_corridor, minmay_staircase_windowed_large,
          kennysheep_random_hallway
Depths:4: grunt_twist_and_shout, layout_honeycomb, enter_ziggurat_f,
          pf_hell_entry_tar_river, abyss_entry, serial_sigils,
          serial_sigils_hangedman_leer, serial_sigils_hangedman_carve,
          serial_sigils_hangedman_clutch, serial_sigils_hangedman_shear,
          serial_sigils_hangedman_gnaw, nicolae_wu_jian_wuxing_cycle,
          uniq_frederick

Skill      XL: |  1  2  3  4  5  6  7  8  9 10 11 12 13 14 15 16 17 18 19 20 21 22 23 24 |
---------------+-------------------------------------------------------------------------+-----
Fighting       | 1 2 3 4 5 7 10 11 13 14 16 18 19 20 21 22 | 22.2
Spellcasting   | 4 5 6 7 8 9 10 11 12 13 14 15 16 18 | 18.0
Dodging        | 5 7 8 13 14 15 17 18 | 18.5
Shields        | 4 5 8 9 11 14 16 | 16.0
Evocations     | 3 4 5 7 8 9 10 11 | 11.0
Armour         | 2 5 6 7 8 |  8.2
Polearms       | 3 8 |  8.5
Stealth        | |  1.5

Action                     |  1- 3 |  4- 6 |  7- 9 | 10-12 | 13-15 | 16-18 | 19-21 | 22-24 || total
---------------------------+-------+-------+-------+-------+-------+-------+-------+-------++-------
  Melee: Spear             |     1 |     1 |       |       |       |       |       |       ||     2
         Dagger            |       |       |     3 |       |       |       |       |       ||     3
         Short sword       |       |       |       |     9 |       |       |       |       ||     9
         Unarmed           |       |       |       |     6 |       |       |    25 |     3 ||    34
         Trident           |       |       |       |     1 |    40 |    69 |    17 |    23 ||   150
         Tailslap          |       |       |       |       |       |       |    10 |     1 ||    11
         Bite              |       |       |       |       |       |       |     4 |     1 ||     5
   Cast: Magic Dart        |    19 |     6 |     4 |     1 |       |       |       |       ||    30
         Searing Ray       |    12 |    31 |    42 |    27 |     5 |     3 |     1 |       ||   121
         Apportation       |     2 |       |       |       |       |       |     1 |       ||     3
         Dazzling Flash    |       |     5 |     1 |       |       |       |       |       ||     6
         Wereblood         |       |     4 |     4 |     2 |       |     3 |     2 |       ||    15
         Iskenderun's Myst |       |     2 |    32 |   145 |   104 |   119 |    14 |    23 ||   439
         Fulminant Prism   |       |       |     2 |    21 |     2 |     6 |       |     2 ||    33
         Summon Ice Beast  |       |       |     3 |     4 |     2 |       |       |       ||     9
         Ice Form          |       |       |       |     4 |       |       |       |       ||     4
         Borgnjor's Vile C |       |       |       |       |   227 |   344 |   137 |   159 ||   867
         Death Channel     |       |       |       |       |    20 |    52 |       |     5 ||    77
         Teleport Other    |       |       |       |       |       |     1 |       |       ||     1
         Eringya's Noxious |       |       |       |       |       |    25 |     3 |    16 ||    44
         Starburst         |       |       |       |       |       |       |   287 |   349 ||   636
         Dragon Form       |       |       |       |       |       |       |     5 |     1 ||     6
         Enfeeble          |       |       |       |       |       |       |       |    66 ||    66
 Invoke: Curse Item        |       |       |       |     5 |     1 |     2 |     2 |     1 ||    11
         Shatter the Chain |       |       |       |       |     1 |       |     1 |     1 ||     3
Ability: End Transformatio |       |       |       |     2 |       |       |     5 |     1 ||     8
         Evoke Blink       |       |       |       |       |     2 |     3 |     4 |     1 ||    10
         Breathe Fire      |       |       |       |       |       |       |     3 |     1 ||     4
  Evoke: Wand              |       |       |       |    11 |     1 |     1 |     3 |     3 ||    19
         Tin of tremorston |       |       |       |     2 |     1 |     3 |     2 |       ||     8
         Box of beasts     |       |       |       |       |       |       |       |     1 ||     1
    Use: Scroll            |       |     5 |     4 |     5 |       |     4 |     2 |     5 ||    25
         Potion            |       |     1 |       |     1 |     1 |     1 |     3 |    10 ||    17
   Stab: Sleeping          |       |     1 |       |       |       |       |       |       ||     1
         Distracted        |       |       |     1 |     1 |       |       |       |       ||     2
 Armour: Robe              |     3 |    11 |     8 |    10 |       |       |       |       ||    32
         Skin              |       |       |       |    14 |       |       |     6 |       ||    20
         Acid dragon scale |       |       |       |    10 |    82 |    18 |       |       ||   110
         Troll leather arm |       |       |       |       |       |    96 |    48 |       ||   144
         Animal skin       |       |       |       |       |       |       |    55 |    61 ||   116
  Dodge: Dodged            |    13 |    40 |    47 |    82 |   124 |   199 |   190 |   176 ||   871
  Block: Buckler           |       |       |     5 |    30 |    64 |    91 |       |       ||   190
         Kite shield       |       |       |       |       |       |    68 |   126 |       ||   194
         Tower shield      |       |       |       |       |       |       |   139 |   365 ||   504

Table legend: (Time is in decaauts)
 A = Elapsed time spent in this place.
 B = Non-inter-level travel time spent in this place.
 C = Inter-level travel time spent in this place.
 D = Time resting spent in this place.
 E = Time spent auto-exploring this place.
 F = Levels seen in this place.
 G = Mean time per level.
                   A        B        C        D        E       F      G
               +--------+--------+--------+--------+--------+-----+--------+
         Total |  39461 |  31995 |   7466 |    669 |  23104 |  49 |  805.3 |
       Dungeon |  14626 |  10706 |   3920 |    132 |   8110 |  15 |  975.1 |
        Temple |    157 |    129 |     28 |      0 |    117 |   1 |  157.0 |
          Lair |   5544 |   4286 |   1258 |      0 |   3349 |   5 | 1108.8 |
         Swamp |   2497 |   2251 |    246 |     31 |   1593 |   4 |  624.2 |
   Spider Nest |   3217 |   2859 |    358 |      0 |   1953 |   4 |  804.2 |
    Slime Pits |   2360 |   2167 |    193 |    161 |   1510 |   5 |  472.0 |
  Orcish Mines |   1614 |   1406 |    208 |    163 |    903 |   2 |  807.0 |
   Elven Halls |     11 |     11 |      0 |      0 |      0 |   1 |   11.0 |
        Vaults |   4583 |   3988 |    595 |      5 |   3034 |   5 |  916.6 |
         Crypt |    148 |    107 |     41 |      0 |     59 |   1 |  148.0 |
        Depths |   4011 |   3396 |    615 |    177 |   2055 |   4 | 1002.8 |
         Sewer |    203 |    203 |      0 |      0 |    155 |   1 |  203.0 |
        Bailey |    483 |    483 |      0 |      0 |    263 |   1 |  483.0 |
               +--------+--------+--------+--------+--------+-----+--------+

Top non-repeatable levels by time:
    D:14: 1624 daAuts
    D:10: 1621 daAuts
    D:11: 1513 daAuts
Depths:3: 1340 daAuts
  Lair:4: 1338 daAuts
Vaults:2: 1304 daAuts
Vaults:1: 1249 daAuts
  Lair:5: 1231 daAuts
     D:6: 1229 daAuts
     D:9: 1216 daAuts
Vaults:4: 1107 daAuts
Depths:2: 1087 daAuts
  Lair:3: 1079 daAuts
  Lair:2: 1078 daAuts
Spider:2: 1021 daAuts
